AoeStats
← yazeed_niva

Fortress

510186780Analyzed
2v2 RM · 3d ago on Sep 29, 2026· 73m 8s· 4 players
Game mode
Random Map
Map size
Normal (6 player)
Population
200
Speed
Normal
Resources
Standard
Victory
Conquest
Starting age
Dark Age
Ending age
Imperial Age
RankedLock teamsTeams togetherTeam positionsShared explorationLock speedFull tech treeHidden civsTurbo modeCheats
Victory
Defeat
🇲🇽 Teutons · Mexico
463
+9
🇲🇽 Persians · Mexico
455
+9
🇯🇴 Saxons · Jordan
357
-10
🇹🇷 Koreans · Türkiye
252
-8
yazeed_niva
5:14 Feudal Age
16:08 Castle Age
23:07 Imperial Age
24:45 Elite Varangian Guard
32:36 Elite Skirmisher
33:28 Cranequins
35:09 Thumb Ring
34:25 Crossbowman
35:32 Crossbowman
36:17 Padded Archer Armor
36:08 Fletching
39:07 Heavy Mounted Crossbowman
40:03 Arbalester
41:17 Leather Archer Armor
42:58 Chemistry
41:57 Guard Tower
48:08 Shield Wall
61:11 Heavy Scorpion
64:34 Elite Hearth Troop
aydinturkmen46
1:19 Loom
10:55 Feudal Age
13:03 Wheelbarrow
12:17 Double-Bit Axe
12:35 Stone Mining
18:45 Gold Mining
21:29 Castle Age
20:41 Horse Collar
23:47 Fervor
24:36 Heavy Plow
24:52 Bow Saw
28:02 Eupseong
30:39 Hand Cart
31:45 Gold Shaft Mining
31:45 Stone Shaft Mining
31:30 Light Cavalry
32:11 Husbandry
33:39 Caravan
36:17 Pikeman
36:57 Squires
36:43 Arson
37:17 Scale Barding Armor
37:12 Scale Mail Armor
37:23 Forging
37:03 Fletching
39:57 Imperial Age
42:37 Two-Man Saw
41:02 Halberdier
41:03 Elite Fire Lancer
41:09 Elite Skirmisher
41:11 Crossbowman
42:16 Conscription
42:17 Shinkichon
42:37 Elite War Wagon
46:19 Arbalester
47:05 Thumb Ring
46:30 Hussar
46:30 Cavalier
50:23 Fortified Wall
50:24 Masonry
50:35 Ballistics
51:16 Chemistry
50:02 Arrowslits
52:09 Chain Barding Armor
53:54 Treadmill Crane
54:17 Murder Holes
DiegoMoost
1:14 Loom
7:05 Feudal Age
8:27 Forging
8:17 Scale Mail Armor
8:14 Fletching
8:24 Padded Archer Armor
8:22 Double-Bit Axe
8:25 Horse Collar
11:39 Wheelbarrow
10:49 Town Watch
11:41 Town Watch
12:11 Stone Mining
12:15 Gold Mining
12:35 Stone Mining
15:26 Man-at-Arms
15:54 Arson
19:25 Castle Age
21:53 Chain Mail Armor
22:14 Iron Casting
21:35 Bodkin Arrow
21:55 Leather Archer Armor
22:57 Caravan
23:16 Bow Saw
23:15 Heavy Plow
24:43 Stone Shaft Mining
25:38 Scale Barding Armor
24:56 Long Swordsman
25:23 Gambesons
26:59 Hand Cart
28:41 Squires
30:39 Fervor
33:06 Imperial Age
32:35 Pikeman
33:39 Chain Barding Armor
33:34 Leather Archer Armor
34:22 Town Patrol
34:31 Town Patrol
35:18 Conscription
35:25 Ironclad
35:43 Hoardings
36:43 Ballistics
37:23 Chemistry
37:59 Two-Man Saw
37:47 Crop Rotation
37:51 Sappers
38:54 Two-Handed Swordsman
38:54 Halberdier
41:37 Plate Mail Armor
41:43 Plate Barding Armor
41:55 Bloodlines
42:26 Cavalier
45:00 Elite Teutonic Knight
47:25 Theocracy
47:12 Sanctity
47:02 Atonement
47:20 Block Printing
47:59 Crenellations
47:48 Champion
48:00 Capped Ram
51:24 Illumination
51:18 Redemption
50:33 Paladin
54:47 Blast Furnace
54:18 Ring Archer Armor
68:39 Heated Shot
69:10 Bombard Tower
68:58 Siege Engineers
69:04 Masonry
68:41 Arrowslits
68:46 Guard Tower
69:08 Fortified Wall
XxAngelxX07515
9:25 Feudal Age
9:46 Horse Collar
10:23 Double-Bit Axe
17:20 Wheelbarrow
16:31 Loom
19:58 Castle Age
17:50 Loom
18:10 Gold Mining
18:10 Stone Mining
18:37 Forging
18:59 Scale Barding Armor
20:49 Caravan
20:58 Heavy Plow
21:11 Bow Saw
22:07 Gold Shaft Mining
23:08 Husbandry
23:19 Bloodlines
25:32 Hand Cart
25:38 Crossbowman
37:17 Imperial Age
35:33 Stone Shaft Mining
34:23 Man-at-Arms
34:24 Pikeman
35:04 Squires
34:50 Gambesons
35:31 Chain Barding Armor
35:11 Scale Mail Armor
35:12 Padded Archer Armor
35:02 Fletching
35:48 Iron Casting
34:40 Light Cavalry
35:44 Thumb Ring
35:00 Elite Skirmisher
36:07 Parthian Tactics
38:04 Kamandaran
38:15 Citadels
38:26 Conscription
38:50 Crop Rotation
38:43 Chain Mail Armor
38:43 Leather Archer Armor
39:12 Ballistics
39:53 Chemistry
39:44 Heavy Camel Rider
41:59 Plate Barding Armor
42:26 Blast Furnace
41:22 Bodkin Arrow
41:45 Leather Archer Armor
47:18 Cavalier
47:19 Hussar
47:33 Elite War Elephant
50:37 Savar
59:43 Long Swordsman
Connection lost

Rejoining the realm…

Still unreachable

The connection could not be restored.

Session expired

The server has moved on; the page needs a fresh start.